 Dungeon Crawl Stone Soup version 0.22.1-2-g9c5b331 (webtiles) character file.

56 Korkiloff the Skirmisher (level 3, -3/29 HPs)
             Began as a Demonspawn Abyssal Knight on Jan 6, 2019.
             Was a Follower of Lugonu.
             Killed by nerve-wracking pain
             ... invoked by an orc priest
              (14 damage)
             ... on level 3 of the Dungeon.
             The game lasted 00:03:45 (1388 turns).

Korkiloff the Skirmisher (DsAK)                     Turns: 1388, Time: 00:03:46

Health: -3/29      AC:  5    Str: 13    XL:     3   Next: 71%
Magic:  5/5        EV: 10    Int: 13    God:    Lugonu [*.....]
Gold:   69         SH:  0    Dex: 12    Spells: 2/2 levels left

rFire    . . .     SeeInvis .   a - +1 falchion
rCold    . . .     Gourm    .   (no shield)
rNeg     . . .     Faith    .   h - +0 ring mail
rPois    .         Spirit   .   (no helmet)
rElec    .         Reflect  .   (no cloak)
rCorr    .         Harm     .   (no gloves)
MR       .....                  (no boots)
Stlth    +.........             (no amulet)
HPRegen  0.09/turn              (no ring)
MPRegen  0.09/turn              (no ring)

@: no status effects
A: talons 1, powered by pain 1
a: Depart the Abyss, Renounce Religion


You were on level 3 of the Dungeon.
You worshipped Lugonu.
Lugonu was aware of your devotion.
You were not hungry.

You visited 1 branch of the dungeon, and saw 3 of its levels.
You visited the Abyss 1 time.

You collected 69 gold pieces.

Inventory:

Hand Weapons
 a - a +1 falchion (weapon)
 f - a +0 long sword
 n - a +0 hunting sling
Missiles
 g - 35 arrows
 p - 20 sling bullets
Armour
 b - a +0 leather armour
 h - a +0 ring mail (worn)
Scrolls
 e - 2 scrolls of remove curse {unknown}
 k - a scroll of immolation {unknown}
 m - a scroll of enchant weapon {unknown}
Potions
 d - a potion of berserk rage {unknown}
 i - 2 potions of agility {unknown}
 j - a potion of degeneration {unknown}
 o - a potion of lignification {unknown}
Comestibles
 c - 6 rations
 l - 2 chunks of flesh


   Skills:
 + Level 3.6 Fighting
 + Level 2.3 Long Blades
 + Level 2.4 Armour
 + Level 1.1 Dodging
 + Level 0.1 Stealth
 + Level 2.8 Invocations


You had 2 spell levels left.
You didn't know any spells.
Your spell library was empty.

Dungeon Overview and Level Annotations

Branches:
Dungeon (3/15)

Altars:

Annotations:
D:2 Sigmund


Innate Abilities, Weirdness & Mutations

You have sharp toenails.
You sometimes gain a little power by taking damage.


Message History

The orc shouts!
The kobold shouts!
You hear a shout! x2
An orc priest comes into view. It is wielding a flail.
The orc priest shouts!
The orc priest invokes the aid of Beogh against you.
Beogh smites you!
You closely miss the orc. The orc hits you.
An orc comes into view. It is wielding a hand axe.
You barely miss the orc. Your kick misses the orc. The orc hits you.
The orc priest casts a cantrip, but nothing happens.
The kobold hits you but does no damage. The orc barely misses you.
The kobold throws a stone.
The stone closely misses you.
The kobold throws a stone.
The stone hits you but does no damage.
You see here a stone.
The orc priest casts a cantrip, but nothing happens.
You slash the orc!
You kill the orc!
Lugonu accepts your kill.
The orc priest invokes the aid of Beogh against you.
Pain shoots through your body!
You die...

. #..####..#....# ##
.........# #..#....###
##. .........#
#o........####.#
..#.##..##
#o#............. .. #..#
#.K.......####.# ##
.#########.##....#######.
........)).o.............
.#########.##############
.......@..# ###########


You could see an orc priest.

Vanquished Creatures
  An adder (D:2)
  A dart slug (D:3)
  2 leopard geckos
  3 orcs (D:3)
  A giant cockroach (D:1)
  2 goblins
  3 hobgoblins (D:1)
  10 jackals
  A quokka (D:3)
  2 bats
  2 frilled lizards
  2 kobolds (D:3)
  8 rats
38 creatures vanquished.

Notes
Turn   | Place    | Note
-------+----------+-------------------------------------------
     0 | Abyss:1  | Korkiloff the Demonspawn Abyssal Knight began the quest for
                  | the Orb.
     0 | Abyss:1  | Reached XP level 1. HP: 18/18 MP: 2/2
    40 | Abyss:1  | Noticed a neqoxec
    41 | D:1      | Escaped the Abyss
    85 | D:1      | Reached * piety under Lugonu
   344 | D:1      | Gained mutation: You have sharp toenails. [demonic
                  | ancestry]
   344 | D:1      | Reached XP level 2. HP: 21/24 MP: 4/4
   595 | D:1      | Reached skill level 1 in Dodging
   860 | D:2      | Gained mutation: You sometimes gain a little power by
                  | taking damage. [demonic ancestry]
   860 | D:2      | Reached XP level 3. HP: 18/29 MP: 5/5
   872 | D:2      | Noticed Sigmund
  1388 | D:3      | Killed from afar by an orc priest

Skill      XL: |  1  2 |
---------------+-------+-----
Long Blades    | 2 |  2.3
Dodging        | 1 |  1.1
Armour         | 2 |  2.4
Fighting       | |  3.6
Stealth        | |  0.1
Invocations    | |  2.8

Action                   || total
-------------------------++-------
Melee: Falchion          ||   108
       Kick              ||    16
Invok: Depart the Abyss  ||     1
  Eat: Chunk             ||     2
Armor: Leather armour    ||     2
       Ring mail         ||    46
Dodge: Dodged            ||    57
       Rpst.: Falchion   ||    16
